 Dungeon Crawl Stone Soup version 0.29-a0-330-g52719c12eb (webtiles) character file.

Game seed: 7147436259510467015

151 kae the Gusty (level 5, -2/24 (28) HPs)
             Began as a Tengu Air Elementalist on Apr 23, 2022.
             Slain by a necrophage (4 damage)
             ... on level 2 of the Dungeon.
             The game lasted 00:01:50 (2393 turns).

kae the Gusty (Tengu Air Elementalist)              Turns: 2393, Time: 00:01:50

HP:   -2/24 (28)    AC:  4    Str: 13    XL:     5   Next: 33%
MP:   0/10          EV: 14    Int: 17    God:
Gold: 73            SH:  0    Dex: 10    Spells: 3/9 levels left

rFire   . . .      SeeInvis .   (no weapon)
rCold   x . .      Faith    .   (no shield)
rNeg    . . .      Spirit   .   j - +2 robe "Inexud" {+Blink rC- rCorr Str+5 Dex-5}
rPois   .          Reflect  .   (helmet restricted)
rElec   .          Harm     .   (no cloak)
rCorr   +          Rampage  .   (no gloves)
Will    .....                   (boots unavailable)
Stlth   ++........              (no amulet)
HPRegen 0.08/turn               (no ring)
MPRegen 0.12/turn               (no ring)

@: flying quickly and evasively, heavily drained, quick
A: beak, talons 3, nimble flight
a: Evoke Blink


You were on level 2 of the Dungeon.
You visited 1 branch of the dungeon, and saw 3 of its levels.

You collected 73 gold pieces.

Inventory:

Armour
 a - a +0 robe
 j - the +2 robe "Inexud" (worn) {+Blink rC- rCorr Str+5 Dex-5}
   (You found it on level 2 of the Dungeon)

   Str:       It affects your strength (+5).
   Dex:       It affects your dexterity (-5).
   rC:        It makes you vulnerable to cold.
   +Blink:    It lets you blink.
   rCorr:     It protects you from acid and corrosion.
Jewellery
 e - a +6 ring of strength
Scrolls
 c - a scroll of amnesia {unknown}
 d - a scroll of noise
 f - a scroll of teleportation {unknown}
 h - a scroll of enchant armour {unknown}
 i - 2 scrolls of enchant weapon {unknown}
Potions
 b - 2 potions of magic
 g - a potion of flight


   Skills:
 - Level 2.1 Dodging
 - Level 2.0 Stealth
 + Level 2.9 Spellcasting
 + Level 3.3 Conjurations
 * Level 6.2 Air Magic


You had 3 spell levels left.
You knew the following spells:

 Your Spells              Type           Power      Damage    Failure   Level
a - Shock                 Conj/Air       72%        1d7       2%          1
b - Static Discharge      Conj/Air       18%        N/A       3%          2
c - Swiftness             Air            23%        N/A       4%          3

Your spell library contained the following spells:

 Spells                   Type           Power      Damage    Failure   Level
 Airstrike                Air            11%        N/A       14%         4


Dungeon Overview and Level Annotations

Branches:
Dungeon (3/15)

Altars:


Innate Abilities, Weirdness & Mutations

You have a beak for a mouth.
You have claws for feet.
Your magical nature lets you fly swiftly and evasively.


Message History

The necrophage barely misses you.
You fly upwards.
There is a stone staircase leading down here.
Casting: Shock (safe; 2% risk of failure)
Confirm with . or Enter, or press ? or * to list all spells.
The necrophage is struck by an arc of lightning.
The necrophage is lightly damaged.
The lightning grounds out.
The necrophage barely misses you. The necrophage hits you.
You feel drained.
Casting: Static Discharge (safe; 3% risk of failure)
Confirm with . or Enter, or press ? or * to list all spells.
The necrophage is struck by an arc of lightning.
The necrophage is moderately damaged.
You are struck by an arc of lightning.
The lightning grounds out.
The necrophage barely misses you. The necrophage hits you.
You feel drained.
Casting: Static Discharge (safe; 3% risk of failure)
Confirm with . or Enter, or press ? or * to list all spells.
The necrophage is struck by an arc of lightning!
The necrophage is heavily damaged.
You are struck by an arc of lightning.
The lightning grounds out.
The necrophage hits you.
You feel drained. The necrophage hits you.
* * * LOW HITPOINT WARNING * * *
You feel drained.
* * * LOW HITPOINT WARNING * * *
Casting: Static Discharge (safe; 3% risk of failure)
Confirm with . or Enter, or press ? or * to list all spells.
The necrophage is struck by an arc of lightning.
The necrophage is severely damaged.
The lightning grounds out.
The necrophage barely misses you. The necrophage closely misses you.
Casting: Static Discharge (safe; 3% risk of failure)
Confirm with . or Enter, or press ? or * to list all spells.
The necrophage is struck by an arc of lightning.
The necrophage is almost destroyed.
You are struck by an arc of lightning.
* * * LOW HITPOINT WARNING * * *
The lightning grounds out.
The necrophage hits you.
You die...

##.##.#
#..#.#
##.#.#
#.#)#
##...##
#.....#
#.#...#
#.#..n#
#...@.#
#####.#
#.# #.#
#.# #.#
#.# #.#
#.#


You could see a necrophage.

Vanquished Creatures
  Natasha (twice) (D:2)
  Robin (D:2)
  3 adders (D:2)
  4 bats (D:1)
  6 endoplasms
  2 giant cockroaches (D:2)
  14 goblins
  5 hobgoblins
  4 jackals
  4 kobolds
  3 quokkas
  4 ball pythons
  2 frilled lizards (D:2)
  4 rats
58 creatures vanquished.

Vanquished Creatures (others)
  A fungus (D:2)
  5 plants (D:2)
6 creatures vanquished.

Grand Total: 64 creatures vanquished

Notes
Turn   | Place    | Note
-------+----------+-------------------------------------------
     0 | D:1      | kae the Tengu Air Elementalist began the quest for the Orb.
     0 | D:1      | Reached XP level 1. HP: 10/10 MP: 4/4
   301 | D:1      | Reached XP level 2. HP: 15/15 MP: 1/6
   825 | D:1      | Reached XP level 3. HP: 19/19 MP: 5/7
   828 | D:1      | Learned a level 2 spell: Static Discharge
   832 | D:1      | Learned a level 3 spell: Swiftness
  1059 | D:2      | Reached skill level 5 in Air Magic
  1267 | D:2      | Identified the +2 robe "Inexud" {+Blink rC- rCorr Str+5
                  | Dex-5}
  1582 | D:2      | Reached XP level 4. HP: 24/24 MP: 2/8
  1762 | D:2      | Noticed Robin
  1768 | D:2      | Killed Robin
  1910 | D:2      | Noticed Natasha
  1917 | D:2      | Killed Natasha
  2152 | D:2      | Found a faded altar of an unknown god.
  2173 | D:2      | Noticed Natasha
  2177 | D:2      | Killed Natasha
  2178 | D:2      | Reached skill level 6 in Air Magic
  2178 | D:2      | Gained mutation: Your magical nature lets you fly swiftly
                  | and evasively. [Tengu growth]
  2178 | D:2      | Reached XP level 5. HP: 28/28 MP: 6/10
  2393 | D:2      | Slain by a necrophage

Illustrated notes

Levels and vault maps discovered:
D:1:      matt_arrival_diagonals, layout_basic, minmay_hexomino_f4
D:2:      layout_basic, shapermc_ecumenical_altar_hornbeckon, st_stairs_7,
          uniq_natasha, uniq_robin
D:3:      layout_basic, lemuel_crystal_altar, uniq_sigmund

Skill      XL: |  1  2  3  4 |
---------------+-------------+-----
Conjurations   | 2 3 |  3.3
Air Magic      | 5 6 |  6.2
Dodging        | |  2.1
Stealth        | |  2.0
Spellcasting   | |  2.9

Action                   |  1- 3 |  4- 6 || total
-------------------------+-------+-------++-------
Melee: Unarmed           |    14 |       ||    14
       Kick              |     4 |       ||     4
       Peck              |     2 |       ||     2
 Cast: Shock             |    78 |    52 ||   130
       Static Discharge  |       |     5 ||     5
  Use: Scroll            |     2 |       ||     2
Armor: Robe              |     6 |     1 ||     7
Dodge: Dodged            |    18 |     6 ||    24

Table legend: (Time is in decaauts)
 A = Elapsed time spent in this place.
 B = Non-inter-level travel time spent in this place.
 C = Inter-level travel time spent in this place.
 D = Time resting spent in this place.
 E = Time spent auto-exploring this place.
 F = Levels seen in this place.
 G = Mean time per level.
                   A        B        C        D        E       F      G
               +--------+--------+--------+--------+--------+-----+--------+
         Total |   2390 |   2371 |     19 |     43 |   2020 |   3 |  796.7 |
       Dungeon |   2390 |   2371 |     19 |     43 |   2020 |   3 |  796.7 |
               +--------+--------+--------+--------+--------+-----+--------+

Top non-repeatable levels by time:
     D:2: 1509 daAuts
     D:1: 878 daAuts
     D:3: 2 daAuts
